 Dungeon Crawl Stone Soup version 0.27-a0-1291-geefcff550b (webtiles) character file.

Game seed: 15648398778425164273

13 Snikeer the Vexing (level 2, -1/23 HPs)
             Began as a Gnoll Arcane Marksman on June 15, 2021.
             Slain by a gnoll (12 damage)
             ... on level 1 of the Dungeon.
             The game lasted 00:04:34 (1688 turns).

Snikeer the Vexing (Gnoll Arcane Marksman)          Turns: 1688, Time: 00:04:34

Health: -1/23      AC:  2    Str:  9    XL:     2   Next: 37%
Magic:  14/14      EV: 13    Int: 12    God:
Gold:   14         SH:  0    Dex: 12    Spells: 3/6 levels left

rFire    . . .     SeeInvis .   d - +0 dagger
rCold    . . .     Faith    .   (no shield)
rNeg     . . .     Spirit   .   a - +0 robe
rPois    .         Reflect  .   (no helmet)
rElec    .         Harm     .   (no cloak)
rCorr    .         Rampage  .   (no gloves)
Will     .....                  (no boots)
Stlth    +.........             (no amulet)
HPRegen  0.07/turn              h - ring of magical power {MP+9}
MPRegen  0.14/turn              (no ring)

@: no status effects
A: fangs 1, strong nose, distributed training
a: no special abilities


You were on level 1 of the Dungeon.
You visited 1 branch of the dungeon, and saw 2 of its levels.

You collected 14 gold pieces.

Inventory:

Hand Weapons
 d - a +0 dagger (weapon)
   (You found it on level 1 of the Dungeon)
Missiles
 b - 5 javelins
 c - 2 throwing nets {!d}
 f - 16 poisoned darts (quivered)
 s - 17 stones
Armour
 a - a +0 robe (worn)
Jewellery
 h - a ring of magical power (left hand) {MP+9}
   (You found it on level 1 of the Dungeon)
Scrolls
 j - a scroll of blinking {unknown}
 k - a scroll of fog {unknown}
Potions
 e - a potion of heal wounds {unknown}
 g - a potion of mutation {unknown}
 i - a potion of cancellation {unknown}


   Skills:
 + Level 2.5 Fighting
 + Level 0.4 Short Blades
 + Level 0.4 Long Blades
 + Level 0.4 Axes
 + Level 0.4 Maces & Flails
 + Level 0.4 Polearms
 + Level 0.4 Staves
 + Level 0.4 Slings
 + Level 0.4 Bows
 + Level 0.4 Crossbows
 + Level 4.5 Throwing
 + Level 0.4 Armour
 + Level 4.5 Dodging
 + Level 0.4 Stealth
 + Level 0.4 Shields
 + Level 0.4 Unarmed Combat
 + Level 2.7 Spellcasting
 + Level 0.2 Conjurations
 + Level 5.3 Hexes
 + Level 0.2 Summonings
 + Level 0.2 Necromancy
 + Level 0.2 Translocations
 + Level 0.2 Transmutations
 + Level 0.2 Fire Magic
 + Level 0.2 Ice Magic
 + Level 0.2 Air Magic
 + Level 0.2 Earth Magic
 + Level 0.2 Poison Magic
 + Level 0.5 Invocations
 + Level 0.4 Evocations


You had 3 spell levels left.
You knew the following spells:

 Your Spells              Type           Power      Damage    Failure   Level
s - Slow                  Hex            14%        N/A       4%          2
v - Corona                Hex            15%        N/A       2%          1

Your spell library contained the following spells:

 Spells                   Type           Power      Damage    Failure   Level
 Inner Flame              Hex/Fire       8%         N/A       24%         3
 Portal Projectile        Hex/Tloc       16%        N/A       24%         3
 Cause Fear               Hex            7%         N/A       28%         4
 Leda's Liquefaction      Hex/Erth       4%         N/A       61%         4


Dungeon Overview and Level Annotations

Branches:
Dungeon (2/15)

Altars:


Innate Abilities, Weirdness & Mutations

You have very sharp teeth.
Your uncanny sense of smell can sniff out nearby items.
Your experience applies equally to all skills.


Message History

You open the door.
There is an open door here.
k - a scroll labelled KOOTETZI QOYTHRA You see here a +0 ring mail.
You open the door.
There is an open door here.
You open the door.
There is an open door here.
A bat comes into view.
A bat is nearby!
A bat is nearby!
Throw: 16 darts (poison)
Press: ? - help, Q - select action, (/) - cycle Shift-Dir - straight line, f - bat
Aim: a bat (asleep, 98% to hit)
You throw a poisoned dart. The poisoned dart hits the bat.
The bat is poisoned.
Throw: 15 darts (poison)
Press: ? - help, Q - select action, (/) - cycle Shift-Dir - straight line, f/p - bat
Aim: a bat (moderately wounded, poisoned, 46% to hit)
You throw a poisoned dart. The poisoned dart hits the bat.
The bat looks even sicker.
The bat hits you but does no damage. The bat barely misses you.
You miss the bat.
No target in view!
No target in view!
f - 15 poisoned darts (gained 1)
f - 16 poisoned darts (gained 1)
You open the door.
Done exploring.
Done exploring.
Done exploring.
Done exploring.
Done exploring.
Done exploring.
Done exploring.
Done exploring.
There is a stone staircase leading down here.
You climb downwards.
A ball python and an adder come into view.
The ball python hisses angrily.
There is a stone staircase leading up here.
The ball python barely misses you. x2
You climb upwards.
There is a stone staircase leading down here.
Casting: Corona (safe; 2% risk of failure)
Confirm with . or Enter, or press ? or * to list all spells.
Aiming: Corona (safe; 2% risk of failure)
Press: ? - help, Shift-Dir - straight line, f - ball python
Aim: a ball python (chance to affect: 68%)
The ball python is outlined in light.
The ball python bites you. The ball python grabs you.
The ball python constricts you.
You take 2 damage, and have 21/23 hp.
You now have 13/14 mp.
You hit the ball python.
No target in view!
No target in view!
There is an open door here.
Magic restored.
HP restored.
There is a stone staircase leading down here.
Health restored: 23; MP restored: 14 You climb downwards.
There is a stone staircase leading up here.
You climb upwards.
There is a stone staircase leading down here.
There is a stone staircase leading down here.
You climb downwards. 4 gnolls come into view.
The gnoll shouts! x2
The gnoll misses you.
The gnoll hits you from afar with a +0 halberd.
The gnoll hits you from afar with a +0 spear.
There is a stone staircase leading up here.
You take 11 damage, and have 12/23 hp.
MASSIVE DAMAGE!!
The gnoll shouts!
You hear a shout!
The gnoll misses you. The gnoll closely misses you.
The gnoll barely misses you. The gnoll hits you but does no damage.
You climb upwards.
There is a stone staircase leading down here.
HP restored.
Done exploring.
Health restored: 23 You open the door.
There is an open door here.
There is a stone staircase leading down here.
You climb downwards.
The gnoll hits you with a +0 halberd!
Ouch! That really hurt!
The gnoll barely misses you.
There is a stone staircase leading up, spattered with blood here.
You take 12 damage, and have 11/23 hp.
MASSIVE DAMAGE!!
The gnoll misses you.
You climb upwards.
There is a stone staircase leading down here.
Casting: Corona (safe; 2% risk of failure)
Confirm with . or Enter, or press ? or * to list all spells.
Aiming: Slow (safe; 4% risk of failure)
Press: ? - help, Shift-Dir - straight line, f - gnoll
Aim: a gnoll, wielding a +0 halberd (chance to affect: 60%)
Okay, then.
The gnoll hits you from afar with a +0 halberd!
Ouch! That really hurt!
You die...

.# #.....###...........'...'.....
####.....# #...........###.#.....
#........# #...........###+####..
#........# ####......#...........
.........####....................
...........##....................
.................................
.................................
................@.........#......
....#####........>........###....
...#.....#........g.......'.+....
...≈.....≈#.####....#.....#.#....
.#≈.≈...≈≈.#.###....#.....#.'....
#..≈.≈≈≈.≈..#.##....#.....###....
#...≈.≈≈≈≈≈≈#.).....##....# #####
#....≈._≈......#...###....#
#...≈.≈≈≈≈≈≈#.###### #....#


You could see a gnoll.

Vanquished Creatures
  A dart slug (D:1)
  2 endoplasms (D:1)
  A quokka (D:1)
  2 ball pythons (D:1)
  3 bats (D:1)
  A frilled lizard (D:1)
  A rat (D:1)
11 creatures vanquished.

Notes
Turn   | Place    | Note
-------+----------+-------------------------------------------
     0 | D:1      | Snikeer the Gnoll Arcane Marksman began the quest for the
                  | Orb.
     0 | D:1      | Reached XP level 1. HP: 17/17 MP: 4/4
   207 | D:1      | HP: 3/17 [quokka (3)]
   221 | D:1      | HP: 3/17 [bat (1)]
   529 | D:1      | HP: 4/17 [frozen (4)]
   805 | D:1      | Reached XP level 2. HP: 23/23 MP: 2/5
   912 | D:1      | Learned a level 2 spell: Slow
  1059 | D:1      | Found a faded altar of an unknown god.
  1688 | D:1      | Slain by a gnoll

Illustrated notes

Levels and vault maps discovered:
D:1:      lemuel_arrival_funnel, layout_basic,
          shapermc_ecumenical_altar_starsandcircs
D:2:      layout_rooms

Action                   || total
-------------------------++-------
Melee: Dagger            ||    29
Throw: Javelin           ||     7
       Dart              ||     5
 Cast: Corona            ||    11
       Slow              ||     1
Armor: Robe              ||    22
Dodge: Dodged            ||    46

Table legend: (Time is in decaauts)
 A = Elapsed time spent in this place.
 B = Non-inter-level travel time spent in this place.
 C = Inter-level travel time spent in this place.
 D = Time resting spent in this place.
 E = Time spent auto-exploring this place.
 F = Levels seen in this place.
 G = Mean time per level.
                   A        B        C        D        E       F      G
               +--------+--------+--------+--------+--------+-----+--------+
         Total |   1691 |   1562 |    129 |      0 |   1429 |   2 |  845.5 |
       Dungeon |   1691 |   1562 |    129 |      0 |   1429 |   2 |  845.5 |
               +--------+--------+--------+--------+--------+-----+--------+

Top non-repeatable levels by time:
     D:1: 1680 daAuts
     D:2: 10 daAuts

Table legend:
 A = Kills in this place as a percentage of kills in entire the game.
 B = Kills by you in this place as a percentage of kills by you in the entire game.
 C = Kills by friends in this place as a percentage of kills by friends in the entire game.
 D = Other kills in this place as a percentage of other kills in the entire game.
 E = Experience gained in this place as a percentage of experience gained in the entire game.
 F = Experience gained in this place divided by the number of levels of this place that you have seen.
                   A       B       C       D       E      F
               +-------+-------+-------+-------+-------+----------------------
         Total | 100.0 | 100.0 |   N/A |   N/A | 100.0 |   9.5
       Dungeon | 100.0 | 100.0 |   N/A |   N/A | 100.0 |   9.5
               +-------+-------+-------+-------+-------+----------------------
